 Dungeon Crawl Stone Soup version 0.31-a0-1272-g9f703e4c1d (webtiles) character file.

Game seed: 6366446319565852649

4194 grothendieck the Cleaver (level 10, -4/76 HPs)
             Began as a Human Reaver on Dec 17, 2023.
             Was an Initiate of Gozag.
             Slain by a hellwing (8 damage)
             ... summoned by a kobold demonologist
             ... on level 9 of the Dungeon.
             The game lasted 01:05:02 (12345 turns).

grothendieck the Cleaver (Human Reaver)            Turns: 12345, Time: 01:05:03

Health: -4/76      AC:  4    Str: 14    XL:     10   Next: 29%
Magic:  0/15       EV: 12    Int: 16    God:    Gozag
Gold:   307        SH:  5    Dex: 12    Spells: 7/16 levels left

rFire   . . .        a - +3 war axe
rCold   . . .        (no shield)
rNeg    . . .        m - +0 leather armour {rPois}
rPois   +            (no helmet)
rElec   .            q - +0 cloak
rCorr   .            (no gloves)
SInv    .            (no boots)
Will    .....        u - amulet of reflection
Stlth   +            (no ring)
HPRegen 0.32/turn    (no ring)
MPRegen 0.14/turn

%: reflection
@: brilliant, gold aura
A: explore regen
a: Renounce Religion, Potion Petition, Call Merchant, Bribe Branch


You were on level 9 of the Dungeon.
You worshipped Gozag.
Gozag was aware of your devotion.
You visited 2 branches of the dungeon, and saw 10 of its levels.

You collected 984 gold pieces.
You spent 564 gold pieces at shops.
You paid 113 gold pieces to Gozag.

Inventory:

Hand Weapons
 a - a +3 war axe (weapon)
 b - a +4 trident of freezing
 z - a +0 sling
 H - a +2 heavy war axe
Missiles
 g - 56 stones
 n - 2 atropa-tipped darts (quivered) {blind !f}
 x - a boomerang
 K - 6 poisoned darts
Armour
 m - a +0 leather armour of poison resistance (worn)
 q - a +0 cloak (worn)
 w - a +0 plate armour
 D - a +1 ring mail of cold resistance
 M - a +2 robe of cold resistance
Jewellery
 j - an amulet of guardian spirit
 p - an amulet of the acrobat
 u - an amulet of reflection (around neck)
 y - a ring of resist corrosion
Wands
 k - a wand of paralysis (1)
 B - a wand of quicksilver (14)
 E - a wand of flame (7)
Scrolls
 d - 2 scrolls of vulnerability {!r}
 e - 4 scrolls of teleportation
 f - a scroll of blinking {unknown}
 i - 2 scrolls of amnesia
 l - 2 scrolls of fear
 r - 2 scrolls of immolation {!r}
 t - 2 scrolls of poison {unknown}
 A - 2 scrolls of enchant armour {unknown}
 C - 2 scrolls of noise {unknown}
Potions
 c - 3 potions of heal wounds
 h - 3 potions of brilliance
 o - 2 potions of ambrosia
 s - 2 potions of lignification {!q}
 v - 3 potions of curing
 F - a potion of haste
 G - a potion of enlightenment {flight, Will+}
 I - a potion of berserk rage
 J - a potion of cancellation


   Skills:
 + Level 5.8 Fighting
 * Level 8.8 Axes
 - Level 3.6 Armour
 + Level 3.4 Dodging
 - Level 3.6 Spellcasting
 * Level 6.4 Conjurations
 - Level 4.5 Translocations
 - Level 2.5 Ice Magic
 * Level 4.0 Earth Magic


You had 7 spell levels left.
You knew the following spells:

 Your Spells              Type           Power      Damage    Failure   Level
a - Kiss of Death         Conj/Necr      76%        2d11      6%          1
b - Momentum Strike       Conj/Tloc      60%        3d9       3%          2
c - Hailstorm             Conj/Ice       25%        3d7       11%         3
d - Stone Arrow           Conj/Erth      58%        3d10      8%          3

Your spell library contained the following spells:

 Spells                   Type           Power      Damage    Failure   Level
 Apportation              Tloc           50%        N/A       3%          1
 Sandblast                Erth           46%        2d11      4%          1
 Passwall                 Tmut/Erth      10%        N/A       14%         2
 Dazzling Flash           Conj/Hex       38%        N/A       17%         3
 Necrotise                Necr           16%        1d4       22%         1
 Summon Small Mammal      Summ           16%        N/A       22%         1
 Volatile Blastmotes      Fire/Tloc      30%        2d12      26%         3
 Brom's Barrelling Bould  Conj/Erth      29%        2d5       26%         4
 Starburst                Conj/Fire      9%         6d5       100%        6
 Maxwell's Capacitive Co  Air            2%         ∞         100%        8


Dungeon Overview and Level Annotations

Branches:
Dungeon (9/15)             Temple (1/1) D:6
   Lair: D:8-11         Orc: D:9-12

Altars:
Cheibriados
Dithmenos
Elyvilon
Fedhas
Gozag
Hepliaklqana
Kikubaaqudgha
Makhleb
Nemelex Xobeh
Okawaru
Qazlal
Ru
Sif Muna
Trog
Uskayaw
Vehumet
Wu Jian
Xom
Yredelemnul
Zin
The Shining One

Shops:
D:3 ?   D:5 !

Annotations:
D:3 2 transporters, nitefall's ghost, novice GrEE
D:8 exclusion: 2 downstairs


Innate Abilities, Weirdness & Mutations

You regain HP and MP as you explore.


Message History

Casting: Momentum Strike (safe; 3% risk of failure)
Confirm with . or Enter, or press ? or * to list all spells.
Casting: Hailstorm (dangerous; 11% risk of failure)
Press: ? - help, Dir - look around, f - activate You feel a surge of power!
A cannonade of hail descends around you!
The hail pelts the kobold demonologist!
You kill the kobold demonologist!
The sixfirhy disappears in a puff of smoke!
The hail pelts the kobold demonologist!
The kobold demonologist is heavily wounded.
The hellwing hits you. x2
Your Earth Magic skill increases to level 4!
Casting: Hailstorm (dangerous; 11% risk of failure)
Confirm with . or Enter, or press ? or * to list all spells.
Casting: Hailstorm (dangerous; 11% risk of failure)
Press: ? - help, Dir - look around, f - activate You feel a surge of power!
A cannonade of hail descends around you!
The hail pelts the kobold demonologist!
The kobold demonologist is almost dead.
The hellwing closely misses you. x2
The kobold demonologist looks braver for a moment.
Casting: Hailstorm (dangerous; 11% risk of failure)
Confirm with . or Enter, or press ? or * to list all spells.
You don't have enough magic to cast this spell.
Unknown command.
Okay, then.
The soul eater draws from the surrounding life force!
The hellwing attacks as it pursues you! The hellwing hits you!
* * * LOW HITPOINT WARNING * * *
The hellwing hits you but does no damage.
The kobold demonologist barely misses you.
You hit the kobold demonologist.
The kobold demonologist is almost dead.
You hit the hellwing but do no damage. The hellwing hits you!
* * * LOW HITPOINT WARNING * * *
The hellwing hits you!
You die...
Your body crumbles into a pile of gold.

###### #....#
#####.##.#
.......#.#
#####..#.#
.......#.#
.......#.###########
.......#.......4@3.#
.......#..########K#
........>.. #.#
#.###..#..## # #.#
#.###..#..#####5##K#
.<...........53K$..#
.......#..#####K####
..####.#... .3 ..# #
.. ##


You could see a soul eater (summoned), a hellwing (summoned) and a kobold
demonologist.

Vanquished Creatures
  A two-headed ogre (D:9)
  A kobold demonologist (D:9)
  Maggie (D:7)
  Psyche (D:9)
  Sigmund (D:3)
  Menkaure (D:5)
  An acid dragon (D:7)
  3 sky beasts
  An ice beast (D:7)
  2 ogres (D:6)
  3 centaurs
  2 kobold brigands
  5 bullfrogs
  A gnoll sergeant (D:4)
  5 wights (D:8)
  5 killer bees (D:8)
  2 howler monkeys (D:9)
  3 jellies
  A hound (D:5)
  2 orc priests (D:5)
  4 iguanas
  2 orc wizards
  A sleepcap (D:8)
  Robin (D:3)
  5 adders
  5 gnolls
  A shadow imp (D:6)
  A white imp (D:4)
  4 ufetubi
  3 dart slugs
  15 orcs
  4 bats
  6 endoplasms
  6 giant cockroaches
  16 goblins
  11 hobgoblins
  3 jackals (D:1)
  3 quokkas
  2 ball pythons
  A frilled lizard (D:1)
  6 kobolds
  2 rats
144 creatures vanquished.

Notes
Turn   | Place    | Note
-------+----------+-------------------------------------------
     0 | D:1      | grothendieck the Human Reaver began the quest for the Orb.
     0 | D:1      | Reached XP level 1. HP: 16/16 MP: 3/3
    91 | D:1      | Reached XP level 2. HP: 19/19 MP: 5/5
   104 | D:1      | Learned a level 2 spell: Momentum Strike
   662 | D:1      | Reached XP level 3. HP: 19/19 MP: 6/6
   666 | D:1      | Learned a level 3 spell: Hailstorm
  1411 | D:2      | Reached skill level 1 in Translocations
  1860 | D:3      | Found a transporter.
  1870 | D:3      | Found a transporter.
  1870 | D:3      | Noticed Sigmund
  1922 | D:3      | Reached XP level 4. HP: 26/29 MP: 7/7
  2295 | D:3      | Found a sacrificial altar of Ru.
  2295 | D:3      | Found a shimmering altar of Xom.
  2306 | D:3      | Killed Sigmund
  2307 | D:3      | Reached skill level 4 in Axes
  2307 | D:3      | Reached skill level 1 in Armour
  2307 | D:3      | Reached XP level 5. HP: 37/39 MP: 5/8
  2307 | D:3      | Reached XP level 6. HP: 43/46 MP: 5/9
  2370 | D:3      | Found Hiapnoyph's Magic Scroll Boutique.
  2379 | D:3      | Bought a scroll of fear for 56 gold pieces
  2590 | D:3      | Noticed Robin
  2614 | D:3      | Killed Robin
  2826 | D:3      | Found a burning altar of Makhleb.
  3033 | D:3      | Noticed nitefall's ghost (novice GrEE)
  3419 | D:4      | Found a basalt altar of Yredelemnul.
  3600 | D:5      | Entered Level 5 of the Dungeon
  3601 | D:5      | Noticed a +0 short sword
  3602 | D:5      | Noticed a +0 falchion
  3602 | D:5      | Noticed a +0 short sword
  3602 | D:5      | Noticed a +0 spear
  3604 | D:5      | Noticed a +0 falchion
  3604 | D:5      | Noticed a +0 dagger
  3605 | D:5      | Noticed a +0 spear
  3607 | D:5      | Noticed a +0 dagger
  3610 | D:5      | Found a hide-covered altar of Uskayaw.
  3747 | D:5      | Noticed Menkaure
  4030 | D:5      | Found Juzxyif's Distillery.
  4038 | D:5      | Bought a potion of lignification for 36 gold pieces
  4042 | D:5      | Bought 2 potions of curing for 72 gold pieces
  4450 | D:5      | Killed Menkaure
  4451 | D:5      | Reached skill level 5 in Axes
  4451 | D:5      | Reached XP level 7. HP: 52/52 MP: 10/10
  4526 | D:5      | HP: 2/52 [acid (10)]
  5245 | D:4      | Reached skill level 1 in Ice Magic
  5653 | D:6      | Found a staircase to the Ecumenical Temple.
  5691 | D:5      | Learned a level 1 spell: Kiss of Death
  5727 | D:6      | Reached skill level 6 in Axes
  5727 | D:6      | Reached XP level 8. HP: 39/57 MP: 9/12
  5805 | Temple   | Entered the Ecumenical Temple
  5821 | Temple   | Became a worshipper of Gozag Ym Sagoz the Greedy
  6511 | D:6      | You fall into a shaft and drop 1 floor!
  7416 | D:3      | Bought a scroll of teleportation for 42 gold pieces
  7416 | D:3      | Bought a scroll of teleportation for 42 gold pieces
  7416 | D:3      | Bought a scroll of identify for 28 gold pieces
  7645 | D:7      | Reached skill level 7 in Axes
  8096 | D:7      | Reached XP level 9. HP: 31/66 MP: 10/13
  8285 | D:7      | Noticed Maggie
  8300 | D:7      | Killed Maggie
  8920 | D:8      | Learned a level 3 spell: Stone Arrow
  8985 | D:8      | Reached skill level 5 in Fighting
  9309 | D:8      | Reached skill level 5 in Conjurations
  9309 | D:8      | Reached skill level 1 in Earth Magic
  9570 | D:9      | Noticed a two-headed ogre
  9636 | D:9      | Noticed Psyche
 10064 | D:3      | Noticed a toenail golem
 10291 | D:5      | Bought 2 potions of lignification for 72 gold pieces
 10291 | D:5      | Bought a potion of enlightenment for 60 gold pieces
 10291 | D:5      | Bought a potion of berserk rage for 60 gold pieces
 10291 | D:5      | Bought a potion of cancellation for 96 gold pieces
 10485 | D:8      | Reached skill level 8 in Axes
 10705 | D:9      | Noticed a two-headed ogre
 12112 | D:9      | Killed Psyche
 12120 | D:9      | Killed a two-headed ogre
 12121 | D:9      | Reached XP level 10. HP: 76/76 MP: 15/15
 12321 | D:9      | Noticed a kobold demonologist
 12322 | D:9      | Noticed a kobold demonologist
 12330 | D:9      | Noticed a soul eater
 12333 | D:9      | Noticed a smoke demon
 12342 | D:9      | Noticed a sixfirhy
 12342 | D:9      | Killed a kobold demonologist
 12345 | D:9      | Slain by a hellwing

Illustrated notes

Levels and vault maps discovered:
D:1:      roderic_dead_forest, layout_basic
D:2:      layout_basic, nicolae_the_louvre
D:3:      kennysheep_the_goblin_king, layout_basic,
          gammafunk_temple_overflow_pools, bloody_makhleb,
          gammafunk_ghost_abyssal_escape, serial_shops, nicolae_shop_crystal,
          uniq_robin, uniq_sigmund
D:4:      layout_rooms, mainiacjoe_overflow_cross_hatched
D:5:      layout_basic, nicolae_uskayaw_en_pointe, serial_shops,
          kennysheep_mini_moat, kennysheep_potato, uniq_menkaure
D:6:      layout_loops_corners, minmay_temple_entry_drinking_statues
D:7:      layout_layer_cave, uniq_maggie
D:8:      layout_basic, nicolae_straight_to_the_point
D:9:      hangedman_cross_cluster, layout_basic, lemuel_round_altar, erik_orc_1,
          uniq_psyche
Temple:   eino_temple_rhombus

Skill      XL: |  1  2  3  4  5  6  7  8  9 10 |
---------------+-------------------------------+-----
Translocations | 1 2 3 4 |  4.5
Axes           | 4 5 6 7 8 |  8.8
Armour         | 1 3 |  3.6
Fighting       | 3 4 5 |  5.8
Spellcasting   | 3 |  3.6
Ice Magic      | 1 2 |  2.5
Conjurations   | 4 6 |  6.4
Earth Magic    | 3 4 |  4.0
Dodging        | 3 |  3.4

Action                     |  1- 3 |  4- 6 |  7- 9 | 10-12 || total
---------------------------+-------+-------+-------+-------++-------
  Melee: Hand axe          |   121 |   123 |       |       ||   244
         War axe           |       |    34 |   262 |    12 ||   308
         Punch             |       |     1 |     6 |       ||     7
  Throw: Dart              |       |       |     2 |       ||     2
         Stone             |       |       |     1 |       ||     1
         Boomerang         |       |       |     1 |       ||     1
   Cast: Kiss of Death     |     3 |       |     1 |       ||     4
         Momentum Strike   |     5 |     4 |    42 |     2 ||    53
         Hailstorm         |       |       |    17 |     6 ||    23
         Stone Arrow       |       |       |     2 |       ||     2
  Evoke: Wand              |       |     4 |    16 |       ||    20
    Use: Scroll            |     4 |     5 |     5 |       ||    14
         Potion            |       |     1 |     3 |     1 ||     5
   Stab: Paralysed         |       |     5 |    14 |       ||    19
 Armour: Leather armour    |    62 |    74 |   215 |    21 ||   372
         Skin              |       |     3 |    84 |       ||    87
  Dodge: Dodged            |    77 |    91 |   163 |    12 ||   343
  Block: Other             |       |     4 |    78 |     2 ||    84
         Reflection        |       |     2 |     1 |       ||     3

Table legend: (Time is in decaauts)
 A = Elapsed time spent in this place.
 B = Non-inter-level travel time spent in this place.
 C = Inter-level travel time spent in this place.
 D = Time resting spent in this place.
 E = Time spent auto-exploring this place.
 F = Levels seen in this place.
 G = Mean time per level.
                   A        B        C        D        E       F      G
               +--------+--------+--------+--------+--------+-----+--------+
         Total |  12464 |  10584 |   1880 |   2865 |   2516 |  10 | 1246.4 |
       Dungeon |  12431 |  10581 |   1850 |   2865 |   2516 |   9 | 1381.2 |
        Temple |     32 |      2 |     30 |      0 |      0 |   1 |   32.0 |
               +--------+--------+--------+--------+--------+-----+--------+

Top non-repeatable levels by time:
     D:8: 2385 daAuts
     D:6: 1790 daAuts
     D:5: 1771 daAuts
     D:3: 1308 daAuts
     D:7: 1232 daAuts
     D:4: 1182 daAuts
     D:1: 1101 daAuts
     D:2: 957 daAuts
     D:9: 700 daAuts
  Temple: 32 daAuts
